 Dungeon Crawl Stone Soup version 0.23.2-40-g277498a001 (webtiles) character file.

Game seed: 4312993486581215327

93389 Fairytaker the Destroyer (level 15, -1/105 HPs)
             Began as a Mummy Fire Elementalist on Aug 23, 2019.
             Was the Champion of Vehumet.
             Slain by a black mamba (6 damage)
             ... on level 1 of the Snake Pit.
             The game lasted 02:20:42 (41944 turns).

Fairytaker the Destroyer (Mummy Fire Elementalist) Turns: 41944, Time: 02:20:43

Health: -1/105     AC: 11    Str: 12    XL:     15   Next: 60%
Magic:  5/40       EV: 20    Int: 22    God:    Vehumet [******]
Gold:   771        SH:  5    Dex: 14    Spells: 0/39 levels left

rFire    . . .     SeeInvis .   D - +9 hand axe of the Eternal Void {chop, rC+ Int+3}
rCold    + + +     Gourm    .   z - +0 buckler
rNeg     + + +     Faith    .   J - +1 robe {rC+}
rPois    ∞         Spirit   .   (no helmet)
rElec    +         Reflect  .   v - +4 cloak of Royalty {rN+ Slay+2}
rCorr    .         Harm     .   O - +2 pair of gloves
MR       +....                  (no boots)
Stlth    ++........             R - amulet of Foofuarch {RegenMP rF+}
HPRegen  0.27/turn              n - ring of Qaimmam {rElec rC+ EV+5}
MPRegen  0.52/turn              C - ring of magical power

@: sluggish, very slightly contaminated, very slow
A: no food or potions, fire vulnerability, cold resistance 1, negative energy
resistance 3, torment resistance, unbreathing, in touch with death 1
a: Renounce Religion


You were on level 1 of the Snake Pit.
You worshipped Vehumet.
Vehumet was exalted by your worship.
You were not hungry.

You visited 5 branches of the dungeon, and saw 25 of its levels.
You also visited: Sewer and Gauntlet.

You collected 2863 gold pieces.
You spent 2092 gold pieces at shops.

Inventory:

Hand Weapons
 A - a +2 falchion of protection
 D - the +9 hand axe of the Eternal Void (weapon) {chop, rC+ Int+3}
   (You found it on level 8 of the Dungeon)

   It inflicts extra damage upon your enemies.
   It affects your intelligence (+3).
   It protects you from cold.
 T - the +1 whip of Voysmoti {slash, MR+}
   (You found it on level 13 of the Dungeon)

   It inflicts extra damage upon your enemies.
   It affects your resistance to hostile enchantments.
Missiles
 k - 22 javelins
 u - a throwing net
 x - 43 tomahawks (quivered)
 G - 4 tomahawks of returning
 I - 5 exploding tomahawks
 L - 4 poisoned javelins
Armour
 e - a +1 pair of gloves of archery
 j - a +0 helmet
 l - a +1 robe of fire resistance
 v - the +4 cloak of Royalty (worn) {rN+ Slay+2}
   (You found it on level 4 of the Lair of Beasts)

   It affects your accuracy and damage with ranged weapons and melee attacks
   (+2).
   It protects you from negative energy.
 z - a +0 buckler (worn)
 F - a +2 robe of magic resistance
 J - a +1 robe of cold resistance (worn)
 O - a +2 pair of gloves (worn)
 V - a scarf of resistance
Magical Staves
 N - an uncursed staff of power
 U - an uncursed staff of fire
 W - an uncursed staff of energy
Jewellery
 m - a +2 ring of intelligence
 n - the ring of Qaimmam (left hand) {rElec rC+ EV+5}
   (You found it in a Gauntlet)

   [ring of evasion]

   It affects your evasion (+5).
   It protects you from cold.
   It insulates you from electricity.
 r - an uncursed ring of protection from fire
 t - an uncursed ring of resist corrosion
 C - a ring of magical power (right hand)
 R - the amulet of Foofuarch (around neck) {RegenMP rF+}
   (You bought it in a shop on level 4 of the Dungeon)

   [amulet of magic regeneration]

   It increases your magic regeneration.
   It protects you from fire.
 X - the ring of Robustness {AC+8}
   (You took it off a minotaur in a Gauntlet)

   [ring of protection]

   It affects your AC (+8).
 Y - the ring "Tucs" {Ice SInv}
   (You found it in a Gauntlet)

   [ring of ice]

   It enhances your ice magic.
   It makes you vulnerable to fire.
   It protects you from cold.
   It lets you see invisible.
Wands
 a - a wand of digging (2)
 f - a wand of scattershot (3)
 w - a wand of iceblast (25)
 B - a wand of disintegration (43)
 H - a wand of acid (1)
 M - a wand of clouds (2)
Scrolls
 b - 2 scrolls of amnesia
 c - 4 scrolls of immolation
 d - 12 scrolls of remove curse
 h - 3 scrolls of fog
 i - a scroll of summoning
 o - 7 scrolls of teleportation
 p - 7 scrolls of enchant armour
 q - 2 scrolls of fear
 s - 10 scrolls of enchant weapon
 y - 6 scrolls of identify
 E - a scroll of magic mapping
 S - a scroll of torment
Miscellaneous
 g - a sack of spiders


   Skills:
 + Level 5.7 Fighting
 - Level 5.1 Dodging
 - Level 1.5 Stealth
 - Level 4.0 Shields
 + Level 12.6 Spellcasting
 * Level 12.6 Conjurations
 - Level 6.0 Hexes
 * Level 12.6 Fire Magic
 + Level 1.4 Air Magic
 + Level 6.2 Earth Magic
 + Level 6.6 Evocations


You couldn't memorise any spells.
You knew the following spells:

 Your Spells              Type           Power        Failure   Level  Hunger
a - Ignition              Fire           ######....   38%         8    N/A
b - Sticky Flame          Conj/Fire      ######..     1%          4    N/A
c - Fireball              Conj/Fire      ######....   1%          5    N/A
d - Confuse               Hex            #####...     1%          3    N/A
e - Bolt of Magma         Conj/Fire/Erth ######....   1%          5    N/A
f - Iron Shot             Conj/Erth      ######....   4%          6    N/A
g - Swiftness             Chrm/Air       ###.....     5%          2    N/A
h - Bolt of Fire          Conj/Fire      ######....   1%          6    N/A

Your spell library contained the following spells:

 Spells                   Type           Power        Failure   Level  Hunger
 Conjure Ball Lightning   Conj/Air       #####.....   11%         6    N/A
 Confusing Touch          Hex            #####.       1%          1    N/A
 Flame Tongue             Conj/Fire      #####        1%          1    N/A
 Shock                    Conj/Air       ####         1%          1    N/A
 Passwall                 Tmut/Erth      ####....     1%          2    N/A
 Throw Flame              Conj/Fire      ######       1%          2    N/A
 Conjure Flame            Conj/Fire      ######..     1%          3    N/A
 Inner Flame              Hex/Fire       ######..     1%          3    N/A
 Static Discharge         Conj/Air       #####...     1%          3    N/A
 Fulminant Prism          Conj/Hex       ######....   1%          4    N/A
 Lightning Bolt           Conj/Air       #####.....   1%          5    N/A
 Irradiate                Conj/Tmut      #####.....   2%          5    N/A
 Iskenderun's Battlesphe  Conj/Chrm      #####...     2%          5    N/A
 Lee's Rapid Deconstruct  Erth           #####.....   2%          5    N/A
 Leda's Liquefaction      Hex/Erth       #####.....   3%          4    N/A
 Infusion                 Chrm           ##..         4%          1    N/A
 Summon Small Mammal      Summ           ##..         4%          1    N/A
 Spectral Weapon          Hex/Chrm       ####....     4%          3    N/A
 Summon Guardian Golem    Hex/Summ       ####....     4%          3    N/A
 Poisonous Vapours        Pois/Air       ###...       5%          2    N/A
 Call Imp                 Summ           ##......     7%          2    N/A
 Shroud of Golubria       Chrm/Tloc      ##........   7%          2    N/A
 Song of Slaying          Chrm           ##......     7%          2    N/A
 Airstrike                Air            ###.......   7%          4    N/A
 Yara's Violent Unravell  Hex/Tmut       ####......   11%         5    N/A
 Petrify                  Tmut/Erth      ####....     13%         4    N/A
 Call Canine Familiar     Summ           ##......     14%         3    N/A
 Gell's Gravitas          Tloc           ##........   14%         3    N/A
 Summon Lightning Spire   Summ/Air       ###.....     34%         4    N/A
 Metabolic Englaciation   Hex/Ice        ####......   36%         5    N/A
 Summon Mana Viper        Hex/Summ       ####....     36%         5    N/A
 Passage of Golubria      Tloc           N/A          43%         4    N/A
 Summon Ice Beast         Ice/Summ       ##......     43%         4    N/A
 Darkness                 Hex            #####.....   52%         6    N/A
 Invisibility             Hex            #####...     52%         6    N/A
 Summon Forest            Summ/Tloc      ##........   78%         5    N/A
 Ring of Flames           Chrm/Fire      #####.....   96%         7    N/A
 Shatter                  Erth           #####.....   100%        9    N/A
 Tornado                  Air            ###.......   100%        9    N/A
 Regeneration             Chrm/Necr      Unusable     N/A         3    N/A
 Ice Form                 Ice/Tmut       Unusable     N/A         4    N/A
 Statue Form              Tmut/Erth      Unusable     N/A         6    N/A

Dungeon Overview and Level Annotations

Branches:
Dungeon (15/15)            Temple (1/1) D:5            Lair (6/6) D:11
  Swamp (0/4) Lair:4        Snake (1/4) Lair:2        Slime (0/5) Lair:6
    Orc (2/2) D:11            Elf (0/3) Orc:2        Vaults (0/5) D:13
 Depths (0/5) D:15

Altars:
Ashenzari
Cheibriados
Dithmenos
Fedhas
Gozag
Hepliaklqana
Makhleb
Nemelex Xobeh
Okawaru
Qazlal
Ru
Sif Muna
Trog
Uskayaw
Vehumet
Wu Jian
Xom
Zin
The Shining One
Beogh
Jiyva

Shops:
D:4 =   D:7 *   D:11 *   D:14 (   Orc:2 !:=:   Snake:1 (

Annotations:
Orc:2 Saint Roka


Innate Abilities, Weirdness & Mutations

You do not eat or drink.
Your flesh is vulnerable to fire.
You are immune to poison.
Your flesh is cold resistant. (rC+)
You are immune to negative energy. (rN+++)
You are immune to unholy pain and torment.
You can survive without breathing.
You are in touch with the powers of death.


Message History

The bolt of acid hits the black mamba!
The black mamba is splashed with acid.
The acid corrodes the black mamba!
The black mamba is almost dead.
You feel sluggish. The black mamba misses you.
The black mamba bites you but does no damage.
Evoke which item? (* to show all) (? for menu, Esc to quit)
Aiming: Corrosive Bolt
Press: ? - help, Shift-Dir - straight line, f/p - black mamba
Aim: a black mamba (almost dead, covered in acid)
The bolt of acid misses the black mamba.
The black mamba barely misses you. The black mamba bites you.
* * * LOW HITPOINT WARNING * * *
Evoke which item? (* to show all) (? for menu, Esc to quit)
Aiming: Corrosive Bolt
Press: ? - help, Shift-Dir - straight line, f/p - black mamba
Aim: a black mamba (almost dead, covered in acid)
The bolt of acid misses the black mamba.
The black mamba misses you. The black mamba bites you.
You die...

###########
#.)@%......
#..S.......
#..........
#..........
#..........
#........##
#.......#..
#......#...


You could see a black mamba.

Vanquished Creatures
  Rupert (Lair:5)
  A minotaur (Gauntlet)
  The ghost of Ceyroiss the Quickloader, a journeyman HuWn of Dithmenos (Lair:4)
  Snorg (D:14)
  Josephine (D:10)
  A fire dragon (Lair:6)
  2 hydras
  2 vault guards (D:13)
  An anaconda (Snake:1)
  Erica (D:8)
  3 centaur warriors
  An ogre mage (D:15)
  A death knight (D:15)
  5 two-headed ogres
  4 tengu warriors
  Urug (D:11)
  A soul eater (Gauntlet)
  2 orc high priests (Orc:2)
  Nergalle (D:11)
  A hell knight (D:13)
  A skeletal warrior (D:15)
  3 unseen horrors
  A wizard (D:15)
  3 orc knights
  Pikel (D:8)
  A lindwurm (Lair:6)
  3 necromancers
  2 phantasmal warriors
  5 ugly things
  A deep elf mage (D:15)
  5 cyclopes
  12 orc sorcerers
  3 manticores (D:14)
  4 elephants (Lair:4)
  7 black mambas
  Maurice (D:8)
  A torpor snail (Lair:6)
  A guardian serpent (shapeshifter) (D:10)
  A gargoyle (D:14)
  2 molten gargoyles (Lair:6)
  Joseph (D:8)
  7 spiny frogs
  5 komodo dragons
  The ghost of grerr the Stinger, a novice OpVM of Sif Muna (D:6)
  2 rime drakes
  2 freezing wraiths
  A tengu conjurer (D:15)
  A hornet (D:15)
  3 trolls
  A queen bee (Lair:3)
  2 polar bears
  A harpy skeleton (D:15)
  3 slime creatures
  Grinder (D:4)
  11 blink frogs
  6 hippogriffs
  2 meliai zombies
  A bog body (Lair:4)
  Prince Ribbit (D:6)
  Sigmund (D:2)
  A spriggan (Lair:1)
  5 wraiths
  A vampire (D:14)
  A human (shapeshifter) (D:14)
  7 wyverns
  4 hogs (D:8)
  4 basilisks
  22 humans
  54 yaks
  3 vampire mosquitoes (D:7)
  2 steam dragons
  A hungry ghost (D:11)
  4 wargs
  8 nagas
  14 water moccasins
  An acid dragon (D:12)
  7 porcupines
  6 hell hounds
  40 orc warriors
  A slave (D:8)
  3 ice beasts
  2 black bears
  5 sky beasts
  A phantom (D:11)
  A necrophage (D:9)
  7 ogres
  A boggart (D:14)
  6 wolves (Lair:5)
  9 crocodiles
  28 centaurs
  6 big kobolds (Sewer)
  14 bullfrogs
  2 wyvern zombies
  3 scorpions
  A hornet simulacrum (Gauntlet)
  A water moccasin skeleton (D:8)
  28 killer bees
  14 wights
  An electric eel (Lair:3)
  4 howler monkeys
  5 lava snakes (Lair:6)
  5 jellies
  4 quasits
  2 bullfrog zombies
  3 centaur zombies
  7 crimson imps
  6 hounds
  A water moccasin simulacrum (Gauntlet)
  A wyvern simulacrum (Gauntlet)
  Crazy Yiuf (D:6)
  27 orc priests
  A bullfrog skeleton (D:8)
  36 orc wizards
  8 centaur skeletons
  3 iguanas
  Natasha (thrice) (D:2)
  9 worker ants
  A bullfrog simulacrum (Gauntlet)
  2 centaur simulacra
  A hound skeleton (D:4)
  A worker ant zombie (D:9)
  Robin (D:2)
  12 gnolls
  17 adders
  3 river rats (Sewer)
  7 shadow imps
  6 oozes
  An adder zombie (D:9)
  An adder skeleton (D:7)
  6 worms
  2 dart slugs
  2 leopard geckos
  104 orcs
  4 ball pythons (Sewer)
  7 giant cockroaches
  17 goblins
  13 hobgoblins
  15 jackals
  3 quokkas
  5 bats
  3 frilled lizards
  12 kobolds
  13 rats
  3 fungi
  14 plants
864 creatures vanquished.

Vanquished Creatures (others)
  A slave (D:8)
  A bullfrog (Lair:3)
  5 fungi
  11 plants
18 creatures vanquished.

Grand Total: 882 creatures vanquished

Notes
Turn   | Place    | Note
-------+----------+-------------------------------------------
     0 | D:1      | Fairytaker the Mummy Fire Elementalist began the quest for
                  | the Orb.
     0 | D:1      | Reached XP level 1. HP: 13/13 MP: 4/4
    46 | D:1      | Reached skill level 1 in Conjurations
   361 | D:1      | Reached XP level 2. HP: 19/19 MP: 3/5
  1217 | D:2      | Noticed Natasha
  1220 | D:2      | Killed Natasha
  1220 | D:2      | Reached XP level 3. HP: 15/24 MP: 2/7
  1518 | D:2      | Noticed Natasha
  1529 | D:2      | Killed Natasha
  1529 | D:2      | Reached XP level 4. HP: 21/30 MP: 4/8
  1764 | D:2      | Noticed Natasha
  1771 | D:2      | Killed Natasha
  2073 | D:2      | Noticed Sigmund
  2091 | D:2      | Learned a level 4 spell: Sticky Flame
  2366 | D:2      | Found a bloodstained altar of Trog.
  2724 | D:3      | Reached XP level 5. HP: 25/35 MP: 3/10
  2842 | D:3      | Noticed a centaur
  3188 | D:2      | HP: 1/35 [gnoll (5)]
  3935 | D:3      | Noticed Robin
  4057 | D:2      | Killed Robin
  4057 | D:2      | Reached XP level 6. HP: 41/41 MP: 7/11
  5230 | D:3      | Found a bloodstained altar of Trog.
  5408 | D:3      | Reached XP level 7. HP: 45/46 MP: 10/13
  5425 | D:3      | Learned a level 5 spell: Fireball
  5491 | D:2      | Killed Sigmund
  5896 | D:4      | Found Taitzir's Jewellery Shop.
  5964 | D:4      | Noticed Grinder
  5972 | D:4      | Killed Grinder
  5972 | D:4      | Reached skill level 5 in Spellcasting
  5972 | D:4      | Reached skill level 5 in Conjurations
  5972 | D:4      | Reached skill level 5 in Fire Magic
  6032 | D:4      | Identified the Disquisition on the Freezing Escort
  6059 | D:4      | Reached XP level 8. HP: 52/52 MP: 9/15
  6393 | D:5      | Entered Level 5 of the Dungeon
  6573 | D:5      | Found a glowing drain.
  6581 | Sewer    | Entered a sewer
  8177 | D:5      | Found a staircase to the Ecumenical Temple.
  8186 | Temple   | Entered the Ecumenical Temple
  8192 | Temple   | Became a worshipper of Vehumet
  8477 | D:6      | Found a glowing golden altar of the Shining One.
  8548 | D:6      | Reached XP level 9. HP: 57/57 MP: 5/18
  8787 | D:6      | Noticed Prince Ribbit
  8913 | D:6      | Found a runed translucent door.
  8914 | D:6      | Noticed Crazy Yiuf
  8919 | D:6      | Killed Crazy Yiuf
  9050 | D:6      | Killed Prince Ribbit
  9697 | D:6      | Reached skill level 1 in Shields
  9984 | D:6      | Found a runed translucent gate.
  9984 | D:6      | Found a runed translucent gate.
  9984 | D:6      | Found a runed translucent gate.
  9986 | D:6      | Noticed grerr's ghost (novice OpVM)
  9996 | D:6      | Killed grerr's ghost
  9996 | D:6      | Reached * piety under Vehumet
  9996 | D:6      | Offered knowledge of Freeze by Vehumet.
 10209 | D:7      | Found Qyintih's General Store.
 10251 | D:7      | Identified the Incunabulum of Cold and Attacks
 10257 | D:7      | Bought an uncursed ring of magical power for 260 gold
                  | pieces
 10257 | D:7      | Bought a scroll of identify for 26 gold pieces
 11694 | D:8      | Found an ornate altar of the Wu Jian Council.
 11726 | D:8      | Noticed Maurice
 11733 | D:8      | Noticed Joseph
 11912 | D:8      | Killed Maurice
 11912 | D:8      | Reached XP level 10. HP: 43/63 MP: 21/21
 12233 | D:8      | Got an ancient hand axe
 12234 | D:8      | Identified the +9 hand axe of the Eternal Void {chop, rC+
                  | Int+3} (You found it on level 8 of the Dungeon)
 12256 | D:8      | Found a shimmering altar of Xom.
 12562 | D:7      | Learned a level 3 spell: Confuse
 12625 | D:8      | Noticed Erica
 12784 | D:8      | Killed Joseph
 13332 | D:8      | Noticed Pikel
 13341 | D:8      | Killed Pikel
 13531 | D:8      | Reached skill level 1 in Fighting
 13637 | D:8      | Reached skill level 1 in Hexes
 13773 | D:8      | Killed Erica
 14115 | D:9      | Offered knowledge of Searing Ray by Vehumet.
 14243 | D:9      | Reached ** piety under Vehumet
 14275 | D:8      | Reached XP level 11. HP: 16/72 MP: 9/23
 14939 | D:9      | Reached skill level 1 in Evocations
 15535 | D:10     | Entered Level 10 of the Dungeon
 15714 | D:10     | Noticed a two-headed ogre
 15718 | D:10     | Killed a two-headed ogre
 15848 | D:10     | Offered knowledge of Throw Frost by Vehumet.
 16216 | D:10     | Reached *** piety under Vehumet
 16766 | D:11     | Noticed a red ugly thing
 16769 | D:11     | Noticed a brown ugly thing
 16826 | D:11     | Found a staircase to the Orcish Mines.
 16981 | D:11     | Offered knowledge of Airstrike by Vehumet.
 17130 | D:11     | Noticed Josephine
 17141 | D:10     | Killed Josephine
 17656 | D:11     | Noticed an unseen horror
 17661 | D:11     | Killed an unseen horror
 17680 | D:11     | Reached XP level 12. HP: 24/83 MP: 4/25
 18074 | D:11     | Found Zuuvaj's Elemental Accessories.
 18115 | D:11     | Noticed Urug
 18519 | D:10     | Reached **** piety under Vehumet
 19344 | D:11     | Killed Urug
 19344 | D:11     | Reached skill level 10 in Conjurations
 19528 | D:11     | Found a staircase to the Lair.
 19546 | D:11     | Reached skill level 10 in Spellcasting
 19552 | D:11     | Noticed Nergalle
 19572 | D:11     | Killed Nergalle
 19572 | D:11     | Reached skill level 10 in Fire Magic
 19917 | D:11     | Offered knowledge of Bolt of Draining by Vehumet.
 20782 | Lair:1   | Entered Level 1 of the Lair of Beasts
 22394 | Lair:2   | Reached skill level 5 in Fighting
 22589 | Lair:2   | Found a staircase to the Snake Pit.
 23210 | Lair:2   | Found a blossoming altar of Fedhas.
 23660 | Lair:3   | Found a shimmering altar of Xom.
 23866 | Lair:3   | Noticed a five-headed hydra
 23870 | Lair:3   | Killed a five-headed hydra
 24030 | Lair:3   | Gained mutation: You are in touch with the powers of death.
                  | [Mummy growth]
 24030 | Lair:3   | Reached XP level 13. HP: 91/91 MP: 23/27
 24598 | Lair:3   | Reached skill level 5 in Hexes
 25379 | D:4      | Bought the amulet of Foofuarch {RegenMP rF+} for 616 gold
                  | pieces
 25877 | Lair:4   | Found a staircase to the Swamp.
 26036 | Lair:4   | Reached ***** piety under Vehumet
 26036 | Lair:4   | Offered knowledge of Iskenderun's Mystic Blast by Vehumet.
 26132 | Lair:4   | Got a translucent cloak
 26143 | Lair:4   | Identified the +4 cloak of Royalty {rN+ Slay+2} (You found
                  | it on level 4 of the Lair of Beasts)
 26347 | Lair:4   | Found a runed translucent gate.
 26347 | Lair:4   | Found a runed translucent gate.
 26348 | Lair:4   | Found a runed translucent gate.
 26349 | Lair:4   | Noticed Ceyroiss's ghost (journeyman HuWn)
 26359 | Lair:4   | Killed Ceyroiss's ghost
 26968 | Lair:4   | Learned a level 5 spell: Bolt of Magma
 27117 | Lair:5   | Found a bloodstained altar of Trog.
 27260 | Lair:5   | Noticed Rupert
 27437 | Lair:5   | Got a crude scale mail
 27675 | Lair:5   | Killed Rupert
 27675 | Lair:5   | Reached skill level 1 in Earth Magic
 27770 | Lair:5   | Learned a level 6 spell: Iron Shot
 28169 | Lair:6   | Entered Level 6 of the Lair of Beasts
 28499 | D:4      | Bought an uncursed ring of see invisible for 210 gold
                  | pieces
 29232 | D:12     | Reached skill level 5 in Evocations
 29917 | D:13     | Offered knowledge of Lee's Rapid Deconstruction by Vehumet.
 30224 | D:13     | Got a brightly glowing whip
 30242 | D:13     | Identified the +1 whip of Voysmoti {slash, MR+} (You found
                  | it on level 13 of the Dungeon)
 30477 | D:13     | Reached XP level 14. HP: 97/98 MP: 16/29
 30805 | D:13     | Found a gate to the Vaults.
 31912 | Lair:6   | Found a runed translucent door.
 31929 | Lair:6   | Found a viscous altar of Jiyva.
 31935 | Lair:6   | Found a staircase to the Slime Pits.
 31953 | Lair:6   | Learned a level 2 spell: Swiftness
 33058 | Lair:6   | Found a large runed translucent door.
 33062 | Lair:6   | Found a large runed translucent door.
 33124 | Lair:6   | Found the +18 shield of the Gong {rElec rN+ MR+ EV-5}
 33511 | D:14     | Identified the +1 scale mail "Cusiot" {rF+} (You found it
                  | on level 5 of the Lair of Beasts)
 33663 | D:14     | Found Utruiryu's Weapon Shoppe.
 33703 | D:14     | Found a gate leading to a gauntlet.
 33710 | Gauntlet | Entered a Gauntlet
 33710 | Gauntlet | Found a transporter.
 33710 | Gauntlet | Found a transporter.
 33713 | Gauntlet | Found a transporter.
 33716 | Gauntlet | Found a transporter.
 33733 | Gauntlet | Found a transporter.
 33745 | Gauntlet | Found a transporter.
 33745 | Gauntlet | Found a transporter.
 33758 | Gauntlet | Found a transporter.
 33769 | Gauntlet | Found a transporter.
 33783 | Gauntlet | Found a transporter.
 33787 | Gauntlet | Found a transporter.
 33798 | Gauntlet | Found a transporter.
 33870 | Gauntlet | Found a runed translucent door.
 34140 | Gauntlet | Got a steaming jade ring
 34351 | Gauntlet | Got a faintly glowing lead ring
 34363 | D:14     | Identified the ring "Tucs" {Ice SInv} (You found it in a
                  | Gauntlet)
 34366 | D:14     | Identified the ring of Qaimmam {rElec rC+ EV+5} (You found
                  | it in a Gauntlet)
 34695 | D:14     | Reached skill level 5 in Earth Magic
 34985 | D:14     | Noticed Snorg
 34996 | D:14     | Killed Snorg
 35616 | D:15     | Entered Level 15 of the Dungeon
 35875 | D:15     | Offered knowledge of Bolt of Fire by Vehumet.
 35875 | D:15     | Reached XP level 15. HP: 94/103 MP: 25/31
 35883 | D:15     | Learned a level 6 spell: Bolt of Fire
 35961 | D:15     | Got a crude helmet
 35973 | D:15     | Identified the cursed +0 helmet of Autumn {rElec rPois rF-
                  | Stlth+} (You found it on level 15 of the Dungeon)
 36766 | D:15     | Found a staircase to the Depths.
 36914 | D:15     | Reached skill level 5 in Dodging
 37533 | Orc:1    | Entered Level 1 of the Orcish Mines
 37946 | Orc:2    | Entered Level 2 of the Orcish Mines
 38207 | Orc:2    | Found a staircase to the Elven Halls.
 38524 | Orc:2    | Found Xaotawia's Book Emporium.
 38540 | Orc:2    | Found Kuivoti's Jewellery Emporium.
 38603 | Orc:1    | Reached ****** piety under Vehumet
 38729 | Orc:2    | Identified Tuim's Tome of Augmentations and Weightlessness
 38918 | Orc:2    | Found a roughly hewn altar of Beogh.
 38921 | Orc:2    | Found Uxzag's Distillery.
 38980 | Orc:2    | Found a roughly hewn altar of Beogh.
 39067 | Orc:2    | Found a shimmering altar of Xom.
 39275 | Orc:2    | Reached skill level 1 in Air Magic
 39477 | Orc:2    | Offered knowledge of Conjure Ball Lightning by Vehumet.
 39610 | Orc:2    | Noticed Saint Roka
 40642 | Orc:2    | Found a roughly hewn altar of Beogh.
 40758 | Orc:2    | Found Eraagged's Book Boutique.
 40769 | Orc:2    | Bought a book of the Tempests for 980 gold pieces
 40779 | Orc:2    | Learned a level 8 spell: Ignition
 41914 | Snake:1  | Entered Level 1 of the Snake Pit
 41914 | Snake:1  | Found Xytzair's Weapon Shoppe.
 41943 | Snake:1  | HP: 5/105 [black mamba (2)]
 41944 | Snake:1  | Slain by a black mamba

Skill      XL: |  1  2  3  4  5  6  7  8  9 10 11 12 13 14 15 |
---------------+----------------------------------------------+-----
Conjurations   | 1 2 3 4 5 6 7 8 9 10 11 12 | 12.6
Spellcasting   | 3 4 5 6 7 8 9 10 11 12 | 12.6
Fire Magic     | 3 4 5 6 7 8 9 10 11 12 | 12.6
Shields        | 2 4 |  4.0
Fighting       | 1 3 5 |  5.7
Hexes          | 1 3 4 6 |  6.0
Evocations     | 2 4 5 6 |  6.6
Dodging        | 3 4 5 |  5.1
Earth Magic    | 2 5 6 |  6.2
Air Magic      | 1 |  1.4
Stealth        | |  1.5

Action                   |  1- 3 |  4- 6 |  7- 9 | 10-12 | 13-15 || total
-------------------------+-------+-------+-------+-------+-------++-------
Melee: Unarmed           |     6 |       |       |       |       ||     6
       Hand axe          |       |    16 |       |   177 |   124 ||   317
       War axe           |       |    24 |    97 |       |       ||   121
       Falchion          |       |       |    33 |     1 |       ||    34
       Long sword        |       |       |     1 |       |       ||     1
Throw: Stone             |       |    33 |    20 |     4 |       ||    57
       Tomahawk          |       |       |       |     1 |       ||     1
 Cast: Flame Tongue      |    41 |   162 |   208 |    74 |    27 ||   512
       Sticky Flame      |       |     5 |    27 |    66 |    68 ||   166
       Fireball          |       |       |     9 |   233 |   427 ||   669
       Confuse           |       |       |       |    22 |    20 ||    42
       Bolt of Magma     |       |       |       |       |   133 ||   133
       Iron Shot         |       |       |       |       |    50 ||    50
       Swiftness         |       |       |       |       |     4 ||     4
       Bolt of Fire      |       |       |       |       |     3 ||     3
Evoke: Wand              |       |       |       |     6 |    11 ||    17
       Box of beasts     |       |       |       |       |     1 ||     1
       Sack of spiders   |       |       |       |       |     1 ||     1
  Use: Scroll            |       |     6 |     4 |     6 |    16 ||    32
 Stab: Sleeping          |       |       |       |       |     1 ||     1
       Confused          |       |       |       |       |     1 ||     1
Armor: Robe              |     3 |    40 |    82 |    38 |   109 ||   272
Dodge: Dodged            |    24 |   101 |   126 |    84 |   253 ||   588
Block: Buckler           |       |       |       |    41 |    86 ||   127
       Rpst.: Falchion   |       |       |     6 |       |       ||     6
       Long sword        |       |       |     2 |       |       ||     2
